 Dungeon Crawl Stone Soup version 0.28.0-53-g5a82cb258f (webtiles) character file.

Game seed: 11212665947126748477

449 Peloso the Covered (level 6, -1/56 HPs)
             Began as a Minotaur Fighter on May 27, 2022.
             Slain by a hornet (9 damage)
             ... on level 4 of the Dungeon.
             The game lasted 00:05:15 (3801 turns).

Peloso the Covered (Minotaur Fighter)               Turns: 3801, Time: 00:05:15

Health: -1/56      AC:  7    Str: 20    XL:     6   Next: 74%
Magic:  5/5        EV:  9    Int:  5    God:
Gold:   165        SH:  5    Dex: 12    Spells: 5/5 levels left

rFire   . . .      SeeInvis .   a - +0 long sword
rCold   . . .      Faith    .   c - +0 buckler
rNeg    . . .      Spirit   .   b - +0 scale mail
rPois   .          Reflect  .   (helmet restricted)
rElec   .          Harm     .   (no cloak)
rCorr   .          Rampage  .   (no gloves)
Will    .....                   (no boots)
Stlth   ..........              (no amulet)
HPRegen 0.18/turn               (no ring)
MPRegen 0.09/turn               (no ring)

@: lethally poisoned (-1 -> -13), slowed, very slow
A: horns 2, retaliatory headbutt
a: no special abilities


You were on level 4 of the Dungeon.
You visited 1 branch of the dungeon, and saw 4 of its levels.

You collected 165 gold pieces.

Inventory:

Hand Weapons
 a - a +0 long sword (weapon)
Armour
 b - a +0 scale mail (worn)
 c - a +0 buckler (worn)
Jewellery
 n - an amulet of reflection
Scrolls
 e - 2 scrolls of blinking {unknown}
 f - a scroll of fear {unknown}
 g - 2 scrolls of immolation {unknown}
 h - a scroll of identify
 l - a scroll of silence {unknown}
Potions
 d - a potion of might
 i - 2 potions of mutation
 j - a potion of heal wounds {unknown}
 k - a potion of curing {unknown}
 m - 3 potions of attraction


   Skills:
 + Level 5.2 Fighting
 + Level 5.3 Long Blades
 + Level 5.9 Armour
 + Level 1.2 Dodging
 + Level 0.3 Stealth
 + Level 4.5 Shields


You had 5 spell levels left.
You didn't know any spells.
Your spell library contained the following spells:

 Spells                   Type           Power      Damage    Failure   Level
 Pain                     Necr           0%         1d4       88%         1
 Inner Flame              Hex/Fire       0%         N/A       99%         3
 Cause Fear               Hex            0%         N/A       100%        4
 Agony                    Necr           0%         N/A       100%        5
 Excruciating Wounds      Necr           0%         N/A       100%        5
 Discord                  Hex            0%         N/A       100%        8


Dungeon Overview and Level Annotations

Branches:
Dungeon (4/15)
 Temple: D:4-7

Altars:
Cheibriados


Innate Abilities, Weirdness & Mutations

You have a pair of horns on your head.
You reflexively headbutt those who attack you in melee.


Message History

You hit the hornet.
The hornet is lightly wounded.
The hornet closely misses you. You furiously retaliate!
You headbutt the hornet, but do no damage.
The hornet stings you.
You feel as though you will be slow longer.
You hit the hornet.
The hornet is moderately wounded.
You block the hornet's attack. x2; The hornet stings you!
You feel as though you will be slow longer.
You barely miss the hornet.
The hornet is moderately wounded.
The hornet stings you but does no damage.
The hornet stings you.
You suddenly lose the ability to move!
You can move again.
You hit the hornet but do no damage.
The hornet is moderately wounded.
You feel yourself speed up. The hornet stings you.
You are poisoned.
You feel yourself slow down. The hornet closely misses you.
The hornet stings you but does no damage.
You slash the hornet! You headbutt the hornet.
The hornet is severely wounded.
You feel very sick. The hornet stings you.
You are lethally poisoned!
You feel as though you will be slow longer.
The hornet stings you.
* * * LOW HITPOINT WARNING * * *
You feel as though you will be slow longer.
The hornet barely misses you. You furiously retaliate!
You headbutt the hornet, but do no damage.
You closely miss the hornet.
The hornet is severely wounded.
* * * LOW HITPOINT WARNING * * *
You feel very sick. The hornet closely misses you. You furiously retaliate!
You headbutt the hornet. The hornet stings you!
You die...

## .. ### #######. ...
...... #.. #.... #.#
#... #.# # #..#####.#
#.# #.#..y.....##
#.##########.#..@.....<#
))............>#########
#.##########.#.# #.#####
#.#.# ......# # #.#
......# #.#
......######.#.#
.............#.#
.......#######.#


You could see a hornet.

Vanquished Creatures
  A phantom (D:4)
  A scorpion (D:4)
  2 orc priests (D:4)
  An iguana (D:4)
  2 orc wizards (D:4)
  Robin (D:2)
  6 adders
  2 worms (D:2)
  4 dart slugs
  5 orcs (D:4)
  3 bats
  8 endoplasms
  6 giant cockroaches
  19 goblins
  10 hobgoblins
  4 quokkas
  8 ball pythons
  2 frilled lizards (D:1)
  3 kobolds
  9 rats
97 creatures vanquished.

Vanquished Creatures (others)
  A fungus (D:2)
1 creature vanquished.

Grand Total: 98 creatures vanquished

Notes
Turn   | Place    | Note
-------+----------+-------------------------------------------
     0 | D:1      | Peloso the Minotaur Fighter began the quest for the Orb.
     0 | D:1      | Reached XP level 1. HP: 19/19 MP: 0/0
   350 | D:1      | Reached XP level 2. HP: 23/27 MP: 1/1
  1261 | D:2      | Found a faded altar of an unknown god.
  1290 | D:2      | Reached XP level 3. HP: 29/33 MP: 2/2
  1592 | D:2      | Noticed Robin
  1606 | D:2      | Killed Robin
  1607 | D:2      | Reached XP level 4. HP: 23/41 MP: 3/3
  2180 | D:3      | Reached skill level 1 in Dodging
  2456 | D:3      | Reached XP level 5. HP: 44/47 MP: 4/4
  2649 | D:3      | Found a snail-covered altar of Cheibriados.
  3119 | D:4      | Noticed a phantom
  3137 | D:4      | Reached skill level 5 in Armour
  3151 | D:4      | Killed a phantom
  3152 | D:4      | Reached skill level 5 in Fighting
  3152 | D:4      | Reached XP level 6. HP: 16/56 MP: 5/5
  3403 | D:4      | Reached skill level 5 in Long Blades
  3790 | D:4      | Noticed a hornet
  3798 | D:4      | Paralysed by a hornet for 1 turns
  3801 | D:4      | Slain by a hornet

Illustrated notes

Levels and vault maps discovered:
D:1:      dpeg_arrival_pits, layout_basic
D:2:      kennysheep_big_flooded_room, layout_basic,
          shapermc_ecumenical_altar_gd, minmay_misc_feat_x, uniq_robin
D:3:      layout_loops_ring, kennysheep_slug_shrine, kennysheep_generic_room_6
D:4:      layout_basic, minmay_bisected

Skill      XL: |  1  2  3  4  5  6 |
---------------+-------------------+-----
Fighting       | 4 5 |  5.2
Armour         | 4 5 |  5.9
Shields        | 4 |  4.5
Long Blades    | 3 4 5 |  5.3
Dodging        | 1 |  1.2
Stealth        | |  0.3

Action                   |  1- 3 |  4- 6 || total
-------------------------+-------+-------++-------
Melee: Long sword        |    74 |   165 ||   239
       Headbutt          |    10 |    23 ||    33
  Use: Scroll            |       |     2 ||     2
Armor: Scale mail        |    40 |    68 ||   108
Dodge: Dodged            |    34 |    57 ||    91
Block: Buckler           |    20 |    31 ||    51
